 Dungeon Crawl Stone Soup version 0.25-a0-578-gc91f01c39c (webtiles) character file.

Game seed: 16433268732244005513, levelgen mode: deterministic

43763 Flugslaktarn the Severer (level 13, -1/122 HPs)
             Began as a Deep Dwarf Fighter on Mar 5, 2020.
             Was the Champion of Makhleb.
             Shot with a bolt by a yaktaur captain (21 damage)
             ... on level 15 of the Dungeon.
             The game lasted 00:08:18 (9882 turns).

Flugslaktarn the Severer (Deep Dwarf Fighter)       Turns: 9882, Time: 00:08:19

Health: -1/122     AC: 20    Str: 20    XL:     13   Next: 92%
Magic:  2/2        EV:  7    Int: 10    God:    Makhleb [******]
Gold:   795        SH: 12    Dex: 14    Spells: 12/12 levels left

rFire    + . .     SeeInvis +   E - +1 broad axe (flame)
rCold    + . .     Gourm    .   c - +0 kite shield
rNeg     . . .     Faith    .   y - +0 chain mail
rPois    +         Spirit   .   m - +0 helmet
rElec    .         Reflect  .   H - scarf {rC+ rF+}
rCorr    .         Harm     .   l - +1 pair of gloves
MR       +....                  (no boots)
Stlth    ..........             (no amulet)
HPRegen  0.00/turn              h - ring of Xiaqom {rPois AC+4 Str-4 Dex+2 SInv}
MPRegen  0.08/turn              i - ring of see invisible

@: non-regenerating, studying Evocations
A: damage resistance, heal wounds, sense surroundings 2, no regeneration
a: Heal Wounds, Minor Destruction, Lesser Servant of Makhleb, Major Destruction,
Greater Servant of Makhleb, Renounce Religion


You were on level 15 of the Dungeon.
You worshipped Makhleb.
Makhleb was exalted by your worship.
You were not hungry.

You visited 2 branches of the dungeon, and saw 16 of its levels.

You collected 899 gold pieces.
You spent 104 gold pieces at shops.

Inventory:

Hand Weapons
 a - a +0 war axe
 p - a +1 hand axe of flaming
   (You took it off a wight on level 7 of the Dungeon)
 C - a +2 war axe of draining
   (You found it on level 10 of the Dungeon)
 E - a +1 broad axe of flaming (weapon)
   (You took it off a skeletal warrior on level 12 of the Dungeon)
Armour
 b - a +0 scale mail
 c - a +0 kite shield (worn)
 l - a +1 pair of gloves (worn)
   (You found it on level 6 of the Dungeon)
 m - a +0 helmet (worn)
   (You took it off Robin on level 2 of the Dungeon)
 n - a +0 cloak
   (You found it on level 9 of the Dungeon)
 y - a +0 chain mail (worn)
   (You took it off an orc warrior on level 9 of the Dungeon)
 H - a scarf of resistance (worn)
   (You found it on level 11 of the Dungeon)
Jewellery
 h - the ring of Xiaqom (left hand) {rPois AC+4 Str-4 Dex+2 SInv}
   (You found it on level 5 of the Dungeon)

   [ring of protection]

   It affects your AC (+4).
   It affects your strength (-4).
   It affects your dexterity (+2).
   It protects you from poison.
   It lets you see invisible.
 i - a ring of see invisible (right hand)
   (You found it on level 9 of the Dungeon)
 j - a +3 ring of evasion {unknown}
   (You found it on level 14 of the Dungeon)
 A - an uncursed amulet of faith {unknown}
   (You found it on level 9 of the Dungeon)
 N - an uncursed amulet of magic regeneration {unknown}
   (You found it on level 12 of the Dungeon)
Wands
 s - a wand of iceblast (13)
   (You found it on level 9 of the Dungeon)
 K - a wand of acid (3)
   (You found it on level 12 of the Dungeon)
Scrolls
 r - 8 scrolls of identify
 t - 5 scrolls of teleportation
 x - 12 scrolls of remove curse
 z - a scroll of blinking
 F - a scroll of magic mapping
 I - 2 scrolls of fear
Potions
 d - a potion of might
 f - 3 potions of magic
 k - a potion of mutation {unknown}
 o - 3 potions of lignification
 q - 5 potions of curing
 u - a potion of berserk rage
 v - 2 potions of brilliance
 w - 3 potions of heal wounds
 B - 2 potions of cancellation {unknown}
 D - 2 potions of invisibility
 G - a potion of haste
 L - a potion of stabbing {unknown}
 M - 2 potions of degeneration {unknown}
 O - 2 potions of flight {unknown}
Books
 g - a manual of Evocations
   (You found it on level 4 of the Dungeon)
Comestibles
 e - 26 rations


   Skills:
 + Level 9.7 Fighting
 * Level 15.1 Axes
 + Level 11.4 Armour
 + Level 11.3 Shields
 + Level 11.8 Invocations
 - Level 6.0 Evocations


You had 12 spell levels left.
You didn't know any spells.
Your spell library was empty.

Dungeon Overview and Level Annotations

Branches:
Dungeon (15/15)            Temple (1/1) D:5            Lair (0/6) D:11
    Orc (0/2) D:9          Vaults (0/5) D:13
 Depths: D:15

Altars:
Ashenzari
Dithmenos
Elyvilon
Fedhas
Gozag
Hepliaklqana
Kikubaaqudgha
Makhleb
Nemelex Xobeh
Okawaru
Qazlal
Ru
Sif Muna
Trog
Uskayaw
Vehumet
Wu Jian
Xom
Yredelemnul
Zin
The Shining One

Shops:
D:4 :[[}   D:11 *   D:12 (

Annotations:
D:12 2 transporters, Mushotsu's ghost, journeyman HOFi


Innate Abilities, Weirdness & Mutations

You are resistant to damage.
You can heal yourself by infusing magical energy.
You passively map the area around you.
You do not regenerate.


Message History

You are too injured to fight recklessly!
You are too injured to fight recklessly!
You are too injured to fight recklessly!
You are too injured to fight recklessly!
You completely miss the yaktaur captain.
The yaktaur captain is heavily wounded.
You hit the storm dragon but do no damage.
You block the yaktaur captain's attack. The storm dragon bites you!
* * * LOW HITPOINT WARNING * * *
The storm dragon claws you. You block the storm dragon's attack.
You hit the yaktaur captain. You burn the yaktaur captain.
The yaktaur captain is severely wounded.
You hit the storm dragon but do no damage.
The storm dragon bites you but does no damage.
The storm dragon claws you but does no damage.
The storm dragon tramples you.
You stumble backwards!
The yaktaur captain unwields a +0 war axe.
The yaktaur captain wields a +0 arbalest.
The yaktaur captain shoots a bolt.
The bolt hits you!!
You die...

, ,,, .######....# ,
* , ..........(# * ,
,,,...........# * * ,
, , .....≈..#..# , ,,
,
,.####+###'#..######,
,........((.........
, , , *
,.###..(c.......... ,
,,
,#.#...D.##########
,,, ,, ,
#.#....@#........#, *
+* #.#.....'.#####..#
, * #.####..#.# , * *
...######....####.#
*,
..................#
########..........# *
, ,#..........# , , ,
, #..........# * ,'
,, #............. , *
*


You could see a storm dragon and a yaktaur captain.

Vanquished Creatures
  Frances (D:12)
  3 hydras
  A vault guard (D:13)
  A centaur warrior (D:14)
  4 two-headed ogres
  Urug (D:12)
  Nergalle (D:10)
  12 skeletal warriors
  3 unseen horrors
  A wizard (D:13)
  A lindwurm (shapeshifter) (D:15)
  A wolf spider zombie (D:12)
  Pikel (D:5)
  2 ugly things
  2 deep elf magi
  2 necromancers (D:13)
  A manticore (D:14)
  A moth of wrath (shapeshifter) (D:13)
  3 gargoyles
  2 centaur skeletons (D:14)
  2 yaktaurs (D:13)
  Maggie (D:7)
  2 tengu conjurers (D:13)
  5 trolls
  A hornet (D:13)
  5 slime creatures (D:13)
  A meliai zombie (D:14)
  4 hippogriffs
  Sigmund (D:5)
  20 humans
  2 wraiths
  23 yaks
  2 hungry ghosts (D:11)
  3 hogs (D:8)
  2 vampire mosquitoes (D:14)
  3 wargs (D:11)
  A soldier ant (D:10)
  2 acid dragons
  3 orc warriors
  An eye of draining (D:10)
  4 sky beasts
  6 ice beasts
  3 slaves (D:5)
  4 black bears
  2 necrophages
  A phantom (D:12)
  4 ogres (D:9)
  2 centaurs
  7 big kobolds
  3 gnoll sergeants (D:9)
  3 bullfrogs
  A scorpion (D:10)
  A wyvern skeleton (D:12)
  30 wights
  5 howler monkeys
  3 crimson imps
  4 centaur zombies
  2 quasits
  8 orc priests
  2 bullfrog zombies
  10 hounds
  11 orc wizards
  A bullfrog skeleton (D:13)
  2 jellies
  5 iguanas
  15 worker ants
  A hound zombie (D:5)
  A mummy (D:7)
  A howler monkey zombie (D:7)
  A worker ant zombie (D:11)
  Robin (D:2)
  3 gnolls (D:9)
  12 adders
  5 shadow imps
  An ooze (D:2)
  3 adder zombies
  2 adder skeletons
  A worm (D:3)
  A dart slug (D:1)
  10 leopard geckos
  43 orcs
  A ball python (D:5)
  5 giant cockroaches
  14 goblins
  7 hobgoblins (D:2)
  4 jackals (D:2)
  14 kobolds
  4 quokkas
  2 frilled lizards
  A jackal zombie (D:7)
  A leopard gecko skeleton (D:4)
  A quokka skeleton (D:7)
407 creatures vanquished.

Vanquished Creatures (collateral kills)
  A two-headed ogre (D:12)
  A skeletal warrior (D:12)
  A centaur zombie (D:11)
  A komodo dragon (D:12)
  A troll (D:12)
  A quokka (D:11)
6 creatures vanquished.

Vanquished Creatures (others)
  An eye of draining (D:12)
  A hound (D:5)
  An orc wizard (D:13)
  A leopard gecko (D:5)
4 creatures vanquished.

Grand Total: 417 creatures vanquished

Notes
Turn   | Place    | Note
-------+----------+-------------------------------------------
     0 | D:1      | Flugslaktarn the Deep Dwarf Fighter began the quest for the
                  | Orb.
     0 | D:1      | Reached XP level 1. HP: 20/20 MP: 1/1
    55 | D:1      | Reached XP level 2. HP: 18/27 MP: 2/2
   150 | D:2      | Noticed Robin
   174 | D:2      | Killed Robin
   174 | D:2      | Reached skill level 3 in Axes
   174 | D:2      | Reached XP level 3. HP: 33/33 MP: 2/2
   245 | D:2      | Found a bloodstained altar of Trog.
   471 | D:3      | Reached XP level 4. HP: 42/42 MP: 3/3
   810 | D:3      | Noticed an ice beast
   844 | D:3      | Killed an ice beast
   844 | D:3      | Reached skill level 4 in Axes
   844 | D:3      | Reached XP level 5. HP: 36/49 MP: 3/3
   856 | D:4      | Found Yhogg's Book Shoppe.
   938 | D:4      | Found Tuimaono's Armour Shoppe.
   993 | D:4      | Found a shimmering altar of Xom.
   993 | D:4      | Found a glowing silver altar of Zin.
   994 | D:4      | Found a blossoming altar of Fedhas.
  1085 | D:4      | Found Puwim's Antique Armour Shop.
  1199 | D:4      | Reached XP level 6. HP: 38/56 MP: 4/4
  1259 | D:4      | Found Sieris's Gadget Emporium.
  1347 | D:4      | Found an ancient bone altar of Kikubaaqudgha.
  1352 | D:4      | Found a hazy altar of Hepliaklqana.
  1353 | D:4      | Reached skill level 1 in Evocations
  1354 | D:4      | Found an opulent altar of Gozag.
  1356 | D:4      | Found a hide-covered altar of Uskayaw.
  1360 | D:4      | Found a glowing golden altar of the Shining One.
  1439 | D:5      | Entered Level 5 of the Dungeon
  1508 | D:5      | Noticed a slave
  1508 | D:5      | Noticed a slave
  1509 | D:5      | Noticed Pikel
  1511 | D:5      | Noticed a slave
  1513 | D:5      | Noticed a slave
  1526 | D:5      | Killed a slave
  1530 | D:5      | Killed a slave
  1534 | D:5      | Killed a slave
  1534 | D:5      | Reached skill level 5 in Axes
  1548 | D:5      | Killed Pikel
  1548 | D:5      | Reached skill level 6 in Axes
  1548 | D:5      | Reached skill level 5 in Armour
  1548 | D:5      | Reached skill level 5 in Shields
  1548 | D:5      | Reached XP level 7. HP: 41/64 MP: 3/6
  1597 | D:5      | Noticed Sigmund
  1603 | D:5      | Reached skill level 5 in Evocations
  1609 | D:5      | Reached XP level 8. HP: 43/73 MP: 6/6
  1611 | D:5      | Killed Sigmund
  1628 | D:5      | Found a basalt altar of Yredelemnul.
  1700 | D:5      | Found a staircase to the Ecumenical Temple.
  1709 | Temple   | Entered the Ecumenical Temple
  1984 | Temple   | Became a worshipper of Makhleb the Destroyer
  2128 | D:5      | Got a pitted wooden ring
  2427 | D:6      | Found a radiant altar of Vehumet.
  2447 | D:6      | Identified the ring of Xiaqom {rPois AC+4 Str-4 Dex+2 SInv}
                  | (You found it on level 5 of the Dungeon)
  2479 | D:6      | Found a shadowy altar of Dithmenos.
  2735 | D:6      | Reached skill level 1 in Invocations
  2782 | D:6      | Found a bloodstained altar of Trog.
  3031 | D:7      | Reached skill level 7 in Axes
  3281 | D:7      | Found an ornate altar of the Wu Jian Council.
  3290 | D:7      | Reached skill level 5 in Fighting
  3321 | D:7      | Found a shimmering blue altar of Sif Muna.
  3374 | D:7      | Reached * piety under Makhleb
  3427 | D:7      | Noticed Maggie
  3440 | D:7      | Killed Maggie
  3440 | D:7      | Reached skill level 8 in Axes
  3440 | D:7      | Gained mutation: You passively map the area around you.
                  | [Deep Dwarf growth]
  3440 | D:7      | Reached XP level 9. HP: 45/81 MP: 7/7
  4061 | D:8      | Reached skill level 9 in Axes
  4150 | D:8      | Found a blossoming altar of Fedhas.
  4150 | D:8      | Noticed a deep elf mage
  4180 | D:8      | Killed a deep elf mage
  4180 | D:8      | Reached skill level 5 in Invocations
  4434 | D:8      | Reached XP level 10. HP: 37/91 MP: 8/8
  4694 | D:9      | Reached ** piety under Makhleb
  4735 | D:9      | Found a staircase to the Orcish Mines.
  4766 | D:9      | Reached skill level 10 in Axes
  5700 | D:10     | Entered Level 10 of the Dungeon
  5732 | D:10     | Noticed Nergalle
  5776 | D:10     | Killed Nergalle
  5776 | D:10     | Reached skill level 11 in Axes
  5971 | D:10     | Reached XP level 11. HP: 87/100 MP: 2/2
  6043 | D:10     | Reached *** piety under Makhleb
  6471 | D:11     | Found Iteutiv's General Store.
  6480 | D:11     | Bought a potion of invisibility for 104 gold pieces
  6494 | D:11     | Noticed a skeletal warrior
  6496 | D:11     | Noticed a skeletal warrior
  6497 | D:11     | Noticed a skeletal warrior
  6497 | D:11     | Noticed a skeletal warrior
  6550 | D:11     | Killed a skeletal warrior
  6577 | D:11     | Killed a skeletal warrior
  6604 | D:11     | Killed a skeletal warrior
  6625 | D:11     | Killed a skeletal warrior
  6625 | D:11     | Reached skill level 12 in Axes
  6773 | D:11     | Reached **** piety under Makhleb
  6859 | D:11     | Noticed a green ugly thing
  6868 | D:11     | Killed a green ugly thing
  6909 | D:11     | Noticed an unseen horror
  6918 | D:11     | Found a staircase to the Lair.
  6925 | D:11     | Killed an unseen horror
  7005 | D:11     | Reached XP level 12. HP: 110/110 MP: 3/3
  7056 | D:11     | Noticed a two-headed ogre
  7066 | D:11     | Killed a two-headed ogre
  7178 | D:11     | Reached ***** piety under Makhleb
  7386 | D:12     | Noticed a four-headed hydra
  7394 | D:12     | Killed an eight-headed hydra
  7394 | D:12     | Reached skill level 13 in Axes
  7396 | D:12     | Found Wootzetz's Weapon Shop.
  7452 | D:12     | Reached skill level 10 in Armour
  7462 | D:12     | Noticed a two-headed ogre
  7470 | D:12     | Killed a two-headed ogre
  7508 | D:12     | Found a transporter.
  7520 | D:12     | Found a transporter.
  7520 | D:12     | Identified the cursed +1 dire flail of Ruecw {vorpal,
                  | *Drain Str+5 Int+3 SInv}
  7520 | D:12     | Noticed a two-headed ogre
  7520 | D:12     | Noticed a two-headed ogre
  7520 | D:12     | Noticed Mushotsu's ghost (journeyman HOFi)
  7521 | D:12     | Noticed a two-headed ogre
  7521 | D:12     | Noticed a two-headed ogre
  7545 | D:12     | Reached skill level 10 in Shields
  7558 | D:12     | Noticed Frances
  7559 | D:12     | Noticed a six-headed hydra
  7577 | D:12     | Killed a six-headed hydra
  7577 | D:12     | Reached skill level 10 in Invocations
  7587 | D:12     | Killed Frances
  7665 | D:12     | Noticed Urug
  7694 | D:12     | Killed Urug
  7762 | D:12     | Noticed a two-headed ogre
  7779 | D:12     | Killed a two-headed ogre
  8175 | D:13     | Reached XP level 13. HP: 51/120 MP: 3/3
  8400 | D:13     | Reached skill level 14 in Axes
  8815 | D:13     | Found a gate to the Vaults.
  9386 | D:14     | Reached skill level 15 in Axes
  9459 | D:14     | Reached ****** piety under Makhleb
  9801 | D:15     | Entered Level 15 of the Dungeon
  9860 | D:15     | Noticed a storm dragon
  9882 | D:15     | Shot with a bolt by a yaktaur captain

Levels and vault maps discovered:
D:1:      shiori_arrival_maze, layout_basic
D:2:      layout_loops_ring, cheibriados_altar_1, first_ration,
          trog_hazing_becter, uniq_robin
D:3:      layout_loops_ring, cheibrodos_sewer_entry_drain
D:4:      layout_gridville, gammafunk_temple_overflow_claw, minitemple,
          serial_shops, shop, kennysheep_little_box, shop,
          nicolae_shop_temple_entry_statues_fountains, minmay_manual_macuahuitl
D:5:      layout_loops_ring, lemuel_round_altar, lemuel_temple_firewalk_a,
          uniq_pikel, uniq_sigmund
D:6:      layout_gridville, lightli_temple_of_fire, lemuel_crystal_altar,
          basic_altar
D:7:      layout_gridville, lemuel_crystal_altar, basic_altar, serial_undead,
          serial_undead_d, serial_undead_f, serial_undead_e, serial_undead_c,
          uniq_maggie
D:8:      layout_loops_ring, grunt_livestock, david_defended_altar_elf
D:9:      layout_gridville, kennysheep_orc_monster_closet_entryway
D:10:     layout_roguey, uniq_nergalle
D:11:     layout_long_grid, erik_lair_orcish_takeover, serial_shops, shop
D:12:     layout_basic, serial_shops, nicolae_shop_stone, gammafunk_ghost_smash,
          uniq_urug, uniq_frances
D:13:     layout_basic, grunt_vaults_entry_tiered
D:14:     layout_irregular_city, minivault_19, minmay_joined_circles
D:15:     grunt_enter_depths_snipers, layout_irregular_city,
          lemuel_coloured_pillars_altar, basic_altar, dispersion_dpeg
Temple:   compressed_dpeg_triangle_lava_temple

Skill      XL: |  1  2  3  4  5  6  7  8  9 10 11 12 13 |
---------------+----------------------------------------+-----
Axes           | 3 4 6 8 9 11 12 13 15 | 15.1
Fighting       | 3 4 5 6 7 8 9 |  9.7
Armour         | 4 5 6 7 8 9 10 11 | 11.4
Shields        | 4 5 6 7 8 9 10 11 | 11.3
Evocations     | 4 5 6 |  6.0
Invocations    | 3 5 7 9 10 11 | 11.8

Action                   |  1- 3 |  4- 6 |  7- 9 | 10-12 | 13-15 || total
-------------------------+-------+-------+-------+-------+-------++-------
Melee: War axe           |    75 |   149 |   389 |   926 |    14 ||  1553
       Broad axe         |       |       |       |       |   431 ||   431
Invok: Lesser Servant of |       |       |       |     3 |       ||     3
 Abil: Heal Wounds       |     2 |     8 |    13 |    46 |     9 ||    78
Evoke: Wand              |       |       |       |     9 |       ||     9
  Use: Scroll            |       |       |    10 |     9 |     4 ||    23
       Potion            |       |       |       |     1 |     1 ||     2
 Stab: Distracted        |       |       |       |     1 |       ||     1
       Invisible         |       |       |       |       |     1 ||     1
  Eat: Chunk             |       |     2 |     7 |    17 |     7 ||    33
       Ration            |       |       |     1 |     1 |       ||     2
Armor: Scale mail        |    40 |   102 |   227 |   139 |       ||   508
       Chain mail        |       |       |       |   361 |   219 ||   580
Dodge: Dodged            |    40 |    58 |   144 |   275 |    95 ||   612
Block: Kite shield       |    48 |    94 |   260 |   583 |   255 ||  1240

Table legend:
 A = Non-vault XP
 B = Vault XP
 C = Vault XP percentage of total XP
 D = Non-vault monster count
 E = Vault monster count
 F = Vault count percentage of total count
                 A         B        C        D         E       F
            +---------+---------+-------+---------+---------+-------
      Total |   38391 |   24128 |  38.6 |     300 |     112 |  27.2
            +---------+---------+-------+---------+---------+-------
        D:1 |      15 |       0 |   0.0 |       6 |       0 |   0.0
        D:2 |      33 |      47 |  58.8 |       9 |      19 |  67.9
        D:3 |     220 |       0 |   0.0 |      16 |       0 |   0.0
        D:4 |      92 |      46 |  33.3 |      10 |       2 |  16.7
        D:5 |     381 |     737 |  65.9 |      19 |       2 |   9.5
        D:6 |     261 |       0 |   0.0 |       6 |       0 |   0.0
        D:7 |    1115 |     634 |  36.2 |      28 |       9 |  24.3
        D:8 |     699 |    1556 |  69.0 |      16 |       6 |  27.3
        D:9 |    2256 |    1509 |  40.1 |      17 |      20 |  54.1
       D:10 |    2990 |     796 |  21.0 |      31 |       1 |   3.1
       D:11 |   10612 |     581 |   5.2 |      54 |       7 |  11.5
       D:12 |    8902 |    3033 |  25.4 |      34 |       3 |   8.1
       D:13 |    5297 |    7322 |  58.0 |      40 |      25 |  38.5
       D:14 |    5507 |    7209 |  56.7 |      13 |      17 |  56.7
       D:15 |      11 |     658 |  98.4 |       1 |       1 |  50.0
            +---------+---------+-------+---------+---------+-------
